 Dungeon Sprint DCSS version 0.29.1-12-g30fa7ad0bf (webtiles) character file.

Game seed: 2125446548699161038

7336 boopmooplesden the Minotaur Blade (level 10, -7/112 HPs)
             Began as a Minotaur Berserker on Dec 17, 2022.
             Was the Champion of Trog.
             Mangled by a dire elephant (13 damage)
             ... in the Dungeon (Sprint IX: "|||||||||||||||||||||||||||||").
             The game lasted 00:01:39 (1015 turns).

boopmooplesden the Minotaur Blade (MiBe)            Turns: 1015, Time: 00:01:39

Health: -7/112     AC: 16    Str: 25    XL:     10   Next: 90%
Magic:  9/9        EV: 14    Int:  4    God:    Trog [******]
Gold:   0          SH:  0    Dex: 11    Spells: 9/9 levels left

rFire   . . .      SeeInvis .   k - +2 scimitar (flame)
rCold   . . .      Faith    +   (no shield)
rNeg    . . .      Spirit   .   m - +0 plate armour
rPois   .          Reflect  .   (helmet restricted)
rElec   .          Harm     .   l - +0 cloak
rCorr   .          Rampage  .   (no gloves)
Will    .....      NoTele   +   (no boots)
Stlth   ..........              q - amulet of faith
HPRegen 0.28/turn               o - +2 ring of evasion
MPRegen 0.11/turn               n - +2 ring of evasion

@: on berserk cooldown, slowed, very slow
A: horns 2, retaliatory headbutt
a: Renounce Religion, Berserk, Trog's Hand, Brothers in Arms


You were in the Dungeon.
You worshipped Trog.
Trog was exalted by your worship.
You visited 1 branch

Inventory:

Hand Weapons
 a - a +0 falchion
 k - a +2 scimitar of flaming (weapon)
Armour
 b - a +0 animal skin
 l - a +0 cloak (worn)
 m - a +0 plate armour (worn)
Jewellery
 n - a +2 ring of evasion (right hand)
 o - a +2 ring of evasion (left hand)
 q - an amulet of faith (around neck)
 r - a +6 ring of intelligence
Wands
 j - a wand of iceblast (10)
Scrolls
 h - 3 scrolls of blinking
 s - 4 scrolls of enchant armour
 t - a scroll of fear
 u - a scroll of identify
Potions
 c - 5 potions of curing
 d - 5 potions of heal wounds
 e - 2 potions of haste
 f - 4 potions of magic
 g - a potion of berserk rage
 i - a potion of invisibility
 p - 3 potions of might


   Skills:
 + Level 17.7 Fighting
 + Level 21.5 Long Blades
 + Level 11.5 Armour
 + Level 9.0 Dodging


You had 9 spell levels left.
You didn't know any spells.
Your spell library was empty.

Dungeon Overview and Level Annotations

Branches:
Dungeon (1/1)

Altars:
Cheibriados
Dithmenos
Elyvilon
Fedhas
Gozag
Hepliaklqana
Kikubaaqudgha
Makhleb
Nemelex Xobeh
Okawaru
Qazlal
Ru
Sif Muna
Trog
Uskayaw
Vehumet
Wu Jian
Xom
Yredelemnul
Zin
The Shining One
Jiyva
Lugonu


Innate Abilities, Weirdness & Mutations

You have a pair of horns on your head.
You reflexively headbutt those who attack you in melee.


Message History

You slice the dire elephant!! You burn the dire elephant.
You headbutt the dire elephant, but do no damage.
The dire elephant is heavily wounded.
The dire elephant tramples you but does no damage.
The dire elephant trunk-slaps you!
You slash the dire elephant! You burn the dire elephant.
The dire elephant is severely wounded.
The dire elephant tramples you!
* * * LOW HITPOINT WARNING * * *
You stumble backwards!
You slash the dire elephant! You burn the dire elephant.
The dire elephant is severely wounded.
The dire elephant barely misses you.
The dire elephant trunk-slaps you but does no damage.
You hit the dire elephant but do no damage.
The dire elephant is severely wounded.
The dire elephant tramples you but does no damage.
The dire elephant trunk-slaps you but does no damage.
You hit the dire elephant. You burn the dire elephant.
The dire elephant is severely wounded.
Your skin stops crawling.
You feel less strong-willed. The dire elephant tramples you!!
* * * LOW HITPOINT WARNING * * *
You stumble backwards!
You hit the dire elephant. You burn the dire elephant.
The dire elephant is almost dead.
The dire elephant completely misses you.
The dire elephant trunk-slaps you but does no damage.
You hit the dire elephant but do no damage.
The dire elephant is almost dead.
The dire elephant closely misses you. The dire elephant trunk-slaps you.
* * * LOW HITPOINT WARNING * * *
You hit the dire elephant. You burn the dire elephant.
The dire elephant is almost dead.
The dire elephant misses you.
The dire elephant trunk-slaps you but does no damage.
You hit the dire elephant. You burn the dire elephant.
The dire elephant is almost dead.
The dire elephant tramples you!
You die...

▓▓▓▓▓▓▓▓▓▓▓▓▓▓▓▓▓▓▓▓▓▓▓▓▓▓▓▓▓▓▓▓▓
..[.)?.'________________________'
▓▓▓▓▓▓▓▓▓▓▓▓▓▓▓▓▓▓▓▓▓▓▓▓▓▓▓▓▓▓▓▓▓
.................................
▓▓▓▓▓▓▓▓▓▓▓▓▓▓▓▓▓▓▓▓▓▓▓▓▓▓▓▓▓▓▓▓▓
......'.....YYY@)........)†)....
▓▓▓▓▓▓▓▓▓▓▓▓▓▓▓▓▓▓▓▓▓▓▓▓▓▓▓▓▓▓▓▓


You could see a dire elephant and 2 elephants.

Vanquished Creatures
  A dire elephant (D)
  A hydra (D)
  An ugly thing (D)
  A cyclops (D)
  2 elephants (D)
  A gargoyle (D)
  7 cane toads (D)
  A komodo dragon (D)
  A blink frog (D)
  A shadow (D)
  2 wyverns (D)
  3 yaks (D)
  A vampire mosquito (D)
  3 water moccasins (D)
  An acid dragon (D)
  A wolf (D)
  An ogre (D)
  A centaur (D)
  A bullfrog (D)
  2 killer bees (D)
  2 iguanas (D)
  An orc wizard (D)
  An adder (D)
  An orc (D)
  A giant cockroach (D)
  A goblin (D)
  A hobgoblin (D)
  2 rats (D)
43 creatures vanquished.

Notes
Turn   | Place    | Note
-------+----------+-------------------------------------------
     0 | D        | boopmooplesden the Minotaur Berserker began the quest for
                  | the Orb.
     0 | D        | Reached XP level 1. HP: 19/19 MP: 0/0
     7 | D        | Reached skill level 4 in Long Blades
    11 | D        | Reached ** piety under Trog
   110 | D        | Noticed an iguana
   110 | D        | Noticed an ogre
   110 | D        | Noticed an iguana
   114 | D        | Killed an iguana
   115 | D        | Reached skill level 5 in Fighting
   115 | D        | Reached skill level 5 in Long Blades
   115 | D        | Reached XP level 2. HP: 27/30 MP: 1/1
   115 | D        | Reached XP level 3. HP: 34/37 MP: 2/2
   116 | D        | Killed an ogre
   116 | D        | Reached *** piety under Trog
   117 | D        | Reached skill level 7 in Long Blades
   117 | D        | Reached XP level 4. HP: 44/48 MP: 3/3
   120 | D        | Reached skill level 8 in Long Blades
   121 | D        | Reached XP level 5. HP: 49/53 MP: 4/4
   238 | D        | Found a snail-covered altar of Cheibriados.
   238 | D        | Found a shadowy altar of Dithmenos.
   238 | D        | Found a white marble altar of Elyvilon.
   238 | D        | Found a blossoming altar of Fedhas.
   238 | D        | Found an opulent altar of Gozag.
   239 | D        | Found a hazy altar of Hepliaklqana.
   240 | D        | Found a viscous altar of Jiyva.
   241 | D        | Found an ancient bone altar of Kikubaaqudgha.
   242 | D        | Found a corrupted altar of Lugonu.
   243 | D        | Found a burning altar of Makhleb.
   244 | D        | Found a sparkling altar of Nemelex Xobeh.
   245 | D        | Found an iron altar of Okawaru.
   246 | D        | Found a stormy altar of Qazlal.
   247 | D        | Found a sacrificial altar of Ru.
   248 | D        | Found a shimmering blue altar of Sif Muna.
   249 | D        | Found a bloodstained altar of Trog.
   250 | D        | Found a hide-covered altar of Uskayaw.
   251 | D        | Found a radiant altar of Vehumet.
   252 | D        | Found an ornate altar of the Wu Jian Council.
   253 | D        | Found a shimmering altar of Xom.
   254 | D        | Found a basalt altar of Yredelemnul.
   255 | D        | Found a glowing silver altar of Zin.
   256 | D        | Found a glowing golden altar of the Shining One.
   303 | D        | Noticed a vampire mosquito
   303 | D        | Noticed a centaur
   303 | D        | Noticed a yak
   306 | D        | Killed a yak
   306 | D        | Reached **** piety under Trog
   307 | D        | Reached skill level 10 in Long Blades
   307 | D        | Reached skill level 5 in Armour
   307 | D        | Reached skill level 5 in Dodging
   307 | D        | Reached XP level 6. HP: 66/66 MP: 5/5
   310 | D        | Reached skill level 10 in Fighting
   310 | D        | Reached skill level 11 in Long Blades
   315 | D        | Killed a vampire mosquito
   316 | D        | Reached skill level 12 in Long Blades
   316 | D        | Reached XP level 7. HP: 70/74 MP: 6/6
   551 | D        | Noticed a gargoyle
   551 | D        | Noticed a shadow
   551 | D        | Noticed a four-headed hydra
   551 | D        | Noticed a white ugly thing
   551 | D        | Noticed a cyclops
   555 | D        | Killed a cyclops
   555 | D        | Reached ***** piety under Trog
   556 | D        | Reached skill level 14 in Long Blades
   560 | D        | Killed a white ugly thing
   561 | D        | Reached skill level 15 in Long Blades
   561 | D        | Reached XP level 8. HP: 85/85 MP: 7/7
   564 | D        | Killed a one-headed hydra
   565 | D        | Reached skill level 16 in Long Blades
   565 | D        | Reached XP level 9. HP: 94/94 MP: 8/8
   573 | D        | Killed a gargoyle
   574 | D        | Reached skill level 17 in Long Blades
   693 | D        | Noticed a cane toad
   693 | D        | Noticed a cane toad
   693 | D        | Noticed a komodo dragon
   697 | D        | Killed a komodo dragon
   697 | D        | Received a gift from Trog
   699 | D        | Killed a cane toad
   699 | D        | Noticed a cane toad
   700 | D        | Reached skill level 15 in Fighting
   700 | D        | Reached skill level 18 in Long Blades
   703 | D        | Killed a cane toad
   716 | D        | Killed a cane toad
   716 | D        | Reached ****** piety under Trog
   717 | D        | Reached skill level 19 in Long Blades
   717 | D        | Reached skill level 10 in Armour
   717 | D        | Reached XP level 10. HP: 107/107 MP: 9/9
   718 | D        | Received a gift from Trog
   770 | D        | Noticed a cane toad
   770 | D        | Noticed a cane toad
   770 | D        | Noticed a cane toad
   770 | D        | Noticed a cane toad
   773 | D        | Killed a cane toad
   776 | D        | Killed a cane toad
   779 | D        | Killed a cane toad
   780 | D        | Reached skill level 20 in Long Blades
   781 | D        | Killed a cane toad
   793 | D        | Received a gift from Trog
   981 | D        | Noticed an elephant
   981 | D        | Noticed a dire elephant
   981 | D        | Noticed an elephant
   981 | D        | Noticed a dire elephant
   981 | D        | Noticed an elephant
   981 | D        | Noticed an elephant
   989 | D        | Killed an elephant
   992 | D        | Killed an elephant
   993 | D        | Reached skill level 21 in Long Blades
  1001 | D        | Killed a dire elephant
  1015 | D        | Mangled by a dire elephant

Illustrated notes

Levels and vault maps discovered:
D:        linesprint [early_d, line_temple, items_1, d_10, items_2, lair_1,
          lair_end, items_3, orc_1, orc_end, items_4, d_15, swamp_1, shoals_1,
          snake_1, spider_1, d_20, vaults_1, items_5, swamp_end, shoals_end,
          snake_end, spider_end, vaults_end, d_27, items_6, zot_1, zot_end,
          crypt_end, forest_end, elf_end, slime_end, tomb_end, abyss_end,
          pan_hell_end]

Skill      XL: |  1  2  3  4  5  6  7  8  9 10 |
---------------+-------------------------------+-----
Fighting       | 5 7 8 9 11 12 13 15 17 | 17.7
Long Blades    | 5 7 8 10 12 15 16 19 21 | 21.5
Armour         | 3 4 5 6 7 8 10 11 | 11.5
Dodging        | 3 4 5 6 7 8 9 |  9.0

Action                   |  1- 3 |  4- 6 |  7- 9 | 10-12 || total
-------------------------+-------+-------+-------+-------++-------
Melee: Falchion          |    17 |     6 |       |       ||    23
       Headbutt          |     5 |     2 |     8 |    17 ||    32
       Scimitar          |       |    10 |    39 |    56 ||   105
Invok: Berserk           |     1 |     1 |     2 |     2 ||     6
       Trog's Hand       |       |     1 |     1 |     1 ||     3
Armor: Animal skin       |     2 |     1 |       |       ||     3
       Plate armour      |       |     3 |     5 |    13 ||    21
Dodge: Dodged            |     7 |     7 |     9 |    15 ||    38
